 Dungeon Crawl Stone Soup version 0.28.0-45-g0d030f2227 (webtiles) character file.

Game seed: 15969457587635999073

139 hawla the Magician (level 5, -5/42 HPs)
             Began as a Deep Elf Earth Elementalist on Apr 21, 2022.
             Slain by a scorpion (6 damage)
             ... on level 4 of the Dungeon.
             The game lasted 00:08:22 (3197 turns).

hawla the Magician (Deep Elf Earth Elementalist)    Turns: 3197, Time: 00:08:23

Health: -5/42      AC:  3    Str:  7    XL:     5   Next: 1%
Magic:  5/14       EV: 13    Int: 20    God:
Gold:   123        SH:  0    Dex: 15    Spells: 8/14 levels left

rFire   . . .      SeeInvis .   (no weapon)
rCold   . . .      Faith    .   (no shield)
rNeg    . . .      Spirit   .   b - +1 robe
rPois   .          Reflect  .   (no helmet)
rElec   .          Harm     .   (no cloak)
rCorr   .          Rampage  .   (no gloves)
Will    .....                   (no boots)
Stlth   ..........              (no amulet)
HPRegen 0.14/turn               (no ring)
MPRegen 0.14/turn               (no ring)

@: berserking, lethally poisoned (-5 -> -8), very slightly contaminated, very
quick
A: no striking features
a: no special abilities


You were on level 4 of the Dungeon.
You visited 1 branch of the dungeon, and saw 4 of its levels.

You collected 123 gold pieces.

Inventory:

Missiles
 c - 101 stones
Armour
 b - a +1 robe (worn)
Jewellery
 d - a +6 ring of strength
Scrolls
 f - a scroll of blinking
Potions
 a - a potion of curing
 g - a potion of attraction {unknown}
 i - a potion of flight {unknown}


   Skills:
 + Level 2.8 Dodging
 + Level 2.4 Stealth
 + Level 5.4 Spellcasting
 + Level 0.2 Conjurations
 + Level 1.1 Transmutations
 + Level 4.7 Earth Magic


You had 8 spell levels left.
You knew the following spells:

 Your Spells              Type           Power      Damage    Failure   Level
a - Sandblast             Erth           48%        2d12      1%          1
b - Passwall              Tmut/Erth      14%        N/A       4%          2
c - Stone Arrow           Conj/Erth      30%        3d8       12%         3

Your spell library contained the following spells:

 Spells                   Type           Power      Damage    Failure   Level
 Frozen Ramparts          Ice            10%        1d3       32%         3
 Petrify                  Tmut/Erth      17%        N/A       32%         4
 Ice Form                 Ice/Tmut       7%         N/A       65%         4
 Summon Ice Beast         Ice/Summ       5%         N/A       73%         4


Dungeon Overview and Level Annotations

Branches:
Dungeon (4/15)
 Temple: D:4-7

Altars:
Hepliaklqana


Message History

Aim: a scorpion (68% to hit)
The stone arrow hits the scorpion!
The scorpion is heavily wounded.
The scorpion stings you!
You are poisoned.
The scorpion poisons you!
Casting: Stone Arrow (quite dangerous; 12% risk of failure)
Confirm with . or Enter, or press ? or * to list all spells.
The spell is quite dangerous to miscast (12% risk of failure)!
Continue anyway?
Aiming: Stone Arrow (quite dangerous; 12% risk of failure)
Press: ? - help, Shift-Dir - straight line, f/p - scorpion
Aim: a scorpion (heavily wounded, 68% to hit)
You miscast Stone Arrow.
You are very lightly contaminated with residual magic.
Nothing appears to happen.
You feel very sick. The scorpion stings you.
Casting: Stone Arrow (quite dangerous; 12% risk of failure)
Confirm with . or Enter, or press ? or * to list all spells.
Aiming: Sandblast (safe; 1% risk of failure)
Press: ? - help, Shift-Dir - straight line, f/p - scorpion
Aim: a scorpion (heavily wounded, 81% to hit)
The blast of sand misses the scorpion.
You feel sick. The scorpion stings you.
It was a potion of berserk rage.
A red film seems to cover your vision as you go berserk!
You feel yourself moving faster!
You feel mighty!
You feel sick. The scorpion closely misses you.
You punch the scorpion!
The scorpion is almost dead.
You feel sick. The scorpion closely misses you.
You hit the scorpion but do no damage.
The scorpion is almost dead.
The scorpion stings you!
* * * LOW HITPOINT WARNING * * *
You are too berserk!
You closely miss the scorpion.
The scorpion is almost dead.
* * * LOW HITPOINT WARNING * * *
You feel sick. The scorpion stings you.
You die...

#.##.#.# #.......#
......###.......#
#h..............#
#.#.##.#####.####
#Z#.##.#####.#
#.#.......##.#
#.####.##.##†#######
#h####..............
#Zs@...##....#######
##############


You could see a black bear, a scorpion and an adder skeleton.

Vanquished Creatures
  A hound (D:4)
  3 gnolls (D:3)
  2 adders (D:2)
  2 worms
  4 orcs (D:2)
  4 bats
  7 endoplasms
  A giant cockroach (D:1)
  9 hobgoblins
  7 kobolds
  3 quokkas
  4 ball pythons
  2 frilled lizards
  3 goblins (D:3)
  4 rats
56 creatures vanquished.

Notes
Turn   | Place    | Note
-------+----------+-------------------------------------------
     0 | D:1      | hawla the Deep Elf Earth Elementalist began the quest for
                  | the Orb.
     0 | D:1      | Reached XP level 1. HP: 10/10 MP: 6/6
   203 | D:1      | Reached XP level 2. HP: 15/15 MP: 5/8
   400 | D:1      | Found a faded altar of an unknown god.
   808 | D:2      | Learned a level 2 spell: Passwall
   900 | D:2      | Reached XP level 3. HP: 12/19 MP: 2/10
  1482 | D:2      | Reached skill level 4 in Spellcasting
  1529 | D:2      | Found a hazy altar of Hepliaklqana.
  2159 | D:3      | Reached XP level 4. HP: 3/24 MP: 1/12
  2475 | D:3      | Learned a level 3 spell: Stone Arrow
  2764 | D:3      | Reached skill level 5 in Spellcasting
  3105 | D:4      | Reached XP level 5. HP: 28/28 MP: 6/14
  3183 | D:4      | Noticed a black bear
  3196 | D:4      | HP: 2/42 [scorpion (9)]
  3197 | D:4      | Slain by a scorpion

Illustrated notes

Levels and vault maps discovered:
D:1:      heliophobic_arrival_henge, layout_loops_ring,
          chequers_ecumenical_altar_grove
D:2:      layout_loops_cross, basic_altar
D:3:      layout_loops_cross, serial_glass, glass_columns_a, glass_columns_a,
          glass_columns_b, glass_columns_b
D:4:      layout_loops_cross, nicolae_ru_sacrificial_ziggurat, serial_shops,
          shop, nicolae_shop_fire_sale [nicolae_sub_dead_trees], uniq_duvessa

Skill      XL: |  1  2  3  4 |
---------------+-------------+-----
Earth Magic    | 4 |  4.7
Spellcasting   | 4 5 |  5.4
Dodging        | |  2.8
Stealth        | |  2.4
Conjurations   | |  0.2
Transmutations | |  1.1

Action                   |  1- 3 |  4- 6 || total
-------------------------+-------+-------++-------
Melee: Unarmed           |     1 |     3 ||     4
 Cast: Sandblast         |    51 |    13 ||    64
       Passwall          |     6 |       ||     6
       Stone Arrow       |       |    10 ||    10
  Use: Scroll            |     5 |     2 ||     7
       Potion            |       |     2 ||     2
Dodge: Dodged            |    15 |    12 ||    27
